 Dungeon Crawl Stone Soup version 0.24-a0-70-gf44d0c5 (webtiles) character file.

Game seed: 6549512722113498321

854 Kairos the Vandal (level 8, -8/57 HPs)
             Began as a Formicid Earth Elementalist on Feb 6, 2019.
             Mangled by a mummy (20 damage)
             ... in an ossuary.
             The game lasted 00:15:20 (4253 turns).

Kairos the Vandal (Formicid Earth Elementalist)     Turns: 4253, Time: 00:15:23

Health: -8/57      AC:  6    Str: 13    XL:     8   Next: 21%
Magic:  10/14      EV: 18    Int: 19    God:
Gold:   132        SH:  0    Dex: 16    Spells: 14/15 levels left

rFire    . . .     SeeInvis +   e - +1 hand axe (chop)
rCold    . . .     Gourm    .   (no shield)
rNeg     . . .     Faith    +   c - +1 robe
rPois    .         Spirit   .   (helmet unavailable)
rElec    .         Reflect  .   (no cloak)
rCorr    .         Harm     .   (no gloves)
MR       .....                  r - +2 pair of boots
Stlth    +++.......             a - amulet of faith
HPRegen  0.19/turn              w - +2 ring of intelligence
MPRegen  0.14/turn              (no ring)

@: agile
A: permanent stasis, dig shafts and tunnels, four strong arms, antennae 3
a: Dig, Shaft Self


You were in an ossuary.
You were not hungry.

You visited 1 branch of the dungeon, and saw 4 of its levels.
You also visited: Ossuary.

You collected 132 gold pieces.

Inventory:

Hand Weapons
 e - a +1 hand axe of chopping (weapon)
 g - a +1 hunting sling of velocity
 l - a +0 whip
 u - a +1 antimagic whip
Missiles
 b - 86 stones (quivered)
 k - 42 sling bullets
Armour
 c - a +1 robe (worn)
 r - a +2 pair of boots (worn)
Jewellery
 a - an amulet of faith (around neck)
 w - a +2 ring of intelligence (left hand)
Wands
 y - a wand of polymorph (6)
Scrolls
 f - 2 scrolls of enchant armour
 i - a scroll of fog {unknown}
 m - a scroll of magic mapping {unknown}
 o - a scroll of remove curse {unknown}
 q - a scroll of enchant weapon {unknown}
 t - a scroll of amnesia
 x - a scroll of immolation {unknown}
Potions
 j - a potion of agility
 n - a potion of flight
 p - a potion of magic
 s - a potion of mutation {unknown}
 v - a potion of degeneration {unknown}
 z - a potion of curing
 A - a potion of invisibility {unknown}
Comestibles
 d - 6 rations


   Skills:
 + Level 2.6 Fighting
 + Level 2.2 Axes
 + Level 5.7 Slings
 + Level 2.7 Dodging
 + Level 2.9 Stealth
 + Level 4.1 Spellcasting
   Level 1.1 Transmutations
 + Level 5.5 Earth Magic


You had 14 spell levels left.
You knew the following spells:

 Your Spells              Type           Power        Failure   Level  Hunger
a - Sandblast             Erth           ####..       1%          1    None

Your spell library contained the following spells:

 Spells                   Type           Power        Failure   Level  Hunger
 Passwall                 Tmut/Erth      ###.....     5%          2    ##.....
 Stone Arrow              Conj/Erth      ##....       13%         3    ###....
 Confusing Touch          Hex            #.....       14%         1    None
 Petrify                  Tmut/Erth      ###.....     34%         4    ####...
 Lee's Rapid Deconstruct  Erth           ####......   36%         5    ######.
 Confuse                  Hex            #.......     38%         3    ###....
 Gell's Gravitas          Tloc           #.........   38%         3    ###....
 Recall                   Summ/Tloc      N/A          38%         3    ###....
 Yara's Violent Unravell  Hex/Tmut       #.........   96%         5    ######.
 Aura of Abjuration       Summ           #.........   98%         5    ######.
 Metabolic Englaciation   Hex/Ice        #.........   98%         5    ######.
 Summon Demon             Summ           #.........   98%         5    ######.
 Summon Forest            Summ/Tloc      #.........   98%         5    ######.
 Summon Mana Viper        Hex/Summ       #.......     98%         5    ######.
 Shadow Creatures         Summ           N/A          100%        6    #######


Dungeon Overview and Level Annotations

Branches:
Dungeon (4/15)
 Temple: D:4-7

Altars:


Innate Abilities, Weirdness & Mutations

You cannot be hasted, slowed, berserked, paralysed or teleported.
You can dig through walls and to a lower floor.
Your four strong arms can wield two-handed weapons with a shield.
You have a pair of large antennae on your head. (SInv)


Message History

Confirm with . or Enter, or press ? or * to list all spells.
Aiming: Sandblast (safe; 1% risk of failure)
Press: ? - help, Shift-Dir - straight line The blast of sand hits the centaur zombie!
The centaur zombie is almost destroyed.
b - 87 stones The centaur zombie hits you.
* * * LOW HITPOINT WARNING * * *
Casting: Sandblast (safe; 1% risk of failure)
Confirm with . or Enter, or press ? or * to list all spells.
Aiming: Sandblast (safe; 1% risk of failure)
Press: ? - help, Shift-Dir - straight line, f - mummy
Aim: a mummy The blast of sand hits the mummy.
The mummy is lightly damaged.
b - 86 stones The centaur zombie misses you.
The hobgoblin zombie closely misses you.
The mummy hits you!!
You die...

### #
###########@#.#.#.
##.........ZMZ......
#..........Z....^.^.
#.....∩.∩...........
#..............^..^.
##...........^..^...
###########.#.#.#.#
#########


You could see a mummy, 2 hobgoblin zombies and a centaur zombie.

Vanquished Creatures
  A black bear (D:4)
  An elf zombie (D:4)
  A water moccasin zombie (D:4)
  2 elf skeletons (D:4)
  3 centaur zombies (Ossuary)
  An orc priest (D:3)
  A hound (D:2)
  A human zombie (D:4)
  An orc wizard (D:3)
  2 human skeletons (D:4)
  2 mummies (Ossuary)
  Robin (D:3)
  9 adders
  2 oozes
  A worm (D:3)
  8 dart slugs
  4 leopard geckos
  6 orcs (D:3)
  8 giant cockroaches
  17 goblins
  10 hobgoblins
  10 jackals
  A quokka (D:2)
  2 ball pythons
  7 bats
  2 frilled lizards
  10 kobolds
  7 rats
121 creatures vanquished.

Notes
Turn   | Place    | Note
-------+----------+-------------------------------------------
     0 | D:1      | Kairos the Formicid Earth Elementalist began the quest for
                  | the Orb.
     0 | D:1      | Reached XP level 1. HP: 13/13 MP: 3/3
   146 | D:1      | Reached XP level 2. HP: 19/19 MP: 1/5
   240 | D:1      | Reached XP level 3. HP: 13/24 MP: 6/6
  1394 | D:2      | Reached skill level 1 in Axes
  1394 | D:2      | Reached XP level 4. HP: 30/30 MP: 6/8
  1700 | D:2      | Reached XP level 5. HP: 15/36 MP: 7/9
  2221 | D:2      | Reached skill level 5 in Earth Magic
  2863 | D:3      | Noticed Robin
  2885 | D:3      | Killed Robin
  2935 | D:3      | Reached skill level 1 in Slings
  2944 | D:3      | Reached XP level 6. HP: 42/42 MP: 8/11
  3330 | D:3      | Reached skill level 1 in Fighting
  3852 | D:4      | Reached XP level 7. HP: 36/50 MP: 12/12
  4102 | D:4      | Found a sand-covered staircase.
  4115 | D:4      | Reached skill level 5 in Slings
  4115 | D:4      | Reached XP level 8. HP: 33/57 MP: 14/14
  4225 | Ossuary  | Entered an ossuary
  4253 | Ossuary  | Mangled by a mummy

Vault maps used:
D:1:      mrwooster_arrival_statue, layout_basic
D:2:      layout_basic, minmay_strange_pillars
D:3:      layout_loops_ring, first_ration, uniq_robin
D:4:      layout_loops_cross, minmay_temple_entry_fiery,
          nicolae_ossuary_entry_catacombs
Ossuary:  ossuary_the_hunt_dpeg

Skill      XL: |  1  2  3  4  5  6  7  8 |
---------------+-------------------------+-----
Earth Magic    | 4 5 |  5.5
Axes           | 1 2 |  2.2
Dodging        | 2 |  2.7
Spellcasting   | 3 4 |  4.1
Slings         | 1 3 5 |  5.7
Fighting       | 2 |  2.6
Stealth        | |  2.9
Transmutations | |  1.1

Action                   |  1- 3 |  4- 6 |  7- 9 || total
-------------------------+-------+-------+-------++-------
Melee: Hand axe          |    49 |    42 |    11 ||   102
 Fire: Hunting sling     |       |   114 |    63 ||   177
 Cast: Sandblast         |    20 |    34 |     9 ||    63
  Use: Scroll            |       |     2 |     3 ||     5
       Potion            |       |       |     2 ||     2
 Stab: Sleeping          |     1 |       |       ||     1
  Eat: Chunk             |     2 |     5 |       ||     7
       Ration            |       |     1 |       ||     1
Armor: Robe              |     9 |    28 |    26 ||    63
Dodge: Dodged            |    44 |    85 |    63 ||   192

Table legend:
 A = Non-vault XP
 B = Vault XP
 C = Vault XP percentage of total XP
 D = Non-vault monster count
 E = Vault monster count
 F = Vault count percentage of total count
                 A         B        C        D         E       F
            +---------+---------+-------+---------+---------+-------
      Total |     640 |     580 |  47.5 |      98 |      23 |  19.0
            +---------+---------+-------+---------+---------+-------
        D:1 |      63 |       0 |   0.0 |      25 |       0 |   0.0
        D:2 |     132 |       0 |   0.0 |      30 |       0 |   0.0
        D:3 |     225 |      36 |  13.8 |      37 |      12 |  24.5
        D:4 |     220 |     370 |  62.7 |       6 |       6 |  50.0
    Ossuary |       0 |     174 | 100.0 |       0 |       5 | 100.0
            +---------+---------+-------+---------+---------+-------
